 Dungeon Sprint DCSS version 0.23-a0-396-g5214e5f (webtiles) character file.

13800000 namelastname112 the Conqueror (level 27, 0/323 HPs)
             Began as a Demonspawn Monk on Nov 2, 2018.
             Was the Champion of Makhleb.
             Killed from afar by an observer (62 damage)
             ... with a bolt of fire
             ... in the Dungeon (Sprint VIII: "Arena of Blood").
             The game lasted 00:03:14 (138 turns).

namelastname112 the Conqueror (Demonspawn Monk)      Turns: 138, Time: 00:03:15

Health: 0/323      AC:  4    Str: 14    XL:     27
Magic:  49/54      EV: 37    Int: 14    God:    Makhleb [******]
Gold:   0          SH:  0    Dex: 24    Spells: 80/80 levels left

rFire    . . .     SeeInvis .   i - +∞ Axe of Woe
rCold    . . .     Gourm    .   (shield currently unavailable)
rNeg     . . .     Faith    .   a - +0 robe
rPois    .         Spirit   .   (no helmet)
rElec    .         Reflect  .   (no cloak)
rCorr    .         Harm     .   (no gloves)
MR       ++...     NoTele   +   (boots unavailable)
Stlth    +++++++++.             (no amulet)
HPRegen  0.63/turn              (no ring)
MPRegen  0.34/turn              (no ring)

@: lethally poisoned (0 -> -19), hasted and slowed
A: hooves 3, demonic guardian 3, robust 3, spiny 3, sturdy frame 3
a: Minor Destruction, Lesser Servant of Makhleb, Major Destruction, Greater
Servant of Makhleb, Renounce Religion


You were in the Dungeon.
You worshipped Makhleb.
Makhleb was exalted by your worship.
You were not hungry.

You visited 1 branch

Inventory:

Hand Weapons
 i - the +∞ Axe of Woe (weapon)
   (You found it in the Dungeon)
Armour
 a - a +0 robe (worn)
Scrolls
 h - a scroll of blinking
Potions
 c - a potion of curing
 d - a potion of heal wounds
 f - 2 potions of magic
 g - a potion of berserk rage
Comestibles
 b - a ration


   Skills:
 O Level 27 Fighting
 O Level 27 Axes
 O Level 27 Throwing
 O Level 27 Armour
 O Level 27 Dodging
 O Level 27 Stealth
 O Level 27 Unarmed Combat
 O Level 27 Spellcasting
 O Level 27 Invocations


You had 80 spell levels left.
You didn't know any spells.
Your spell library was empty.

Dungeon Overview and Level Annotations

Branches:
Dungeon (1/1)

Altars:
Makhleb


Innate Abilities, Weirdness & Mutations

You have hooves in place of feet.
A powerful demonic guardian rushes to your aid.
You are extremely robust. (+30% HP)
You are completely covered in sharp spines.
Your movements are significantly less encumbered by armour. (ER -6)


Message History

* * * LOW HITPOINT WARNING * * *
You feel sick.
You feel something staring at you.
A bolt of fire appears from out of thin air!
Deactivating autopickup; reactivate with Ctrl-A.
The bolt of fire misses you.
The destroyer appears out of thin air!
A destroyer comes into view.
It is wielding a +9 great sword of slicing.
You hear a shout! x2
The destroyer blinks!
You hear a shout! x2
You take 1 damage, and have 14/323 hp.
The destroyer shouts!
You hit the tyrant but do no damage.
You hew the tyrant savagely.
You destroy the tyrant!
Makhleb accepts your kill.
You feel better.
You feel sick.
You feel something staring at you.
A bolt of fire appears from out of thin air!
The bolt of fire hits you!
You die...

...........
{......D.
#.......# V #%..
...# .. .V###.%.
...###...
o.o....###...%....
..o%Do%)_)))......
....#§)@))#......
. #_)<)_# .....
....#)Wopp#.....o
.....Lo)_).)......
.......###......§.
..###V.. ...###...
. #.......# ..
#.......#
.........


You could see a tyrant, an eight-headed meat hydra, 2 destroyers, 2 fleshlords,
a dread and 5 bags of meat.

Vanquished Creatures
  3 hell knights (D)
  2 hell beasts (D)
  5 greater mummies (D)
  6 great orbs of eyes (D)
  3 wraiths (D)
  Harold (D)
  15 vampire knights (D)
  36 ogres (D)
  7 two-headed ogres (D)
  7 liches (D)
  3 hydras (D)
  60 orcs (D)
  4 phantoms (D)
  4 skeletal warriors (D)
  4 sea snakes (D)
  5 large abominations (D)
  10 small abominations (D)
  8 crawling corpses (D)
183 creatures vanquished.

Vanquished Creatures (others)
  An orc (D)
  A crawling corpse (D)
2 creatures vanquished.

Grand Total: 185 creatures vanquished

Notes
Turn   | Place    | Note
-------+----------+-------------------------------------------
     0 | D        | Found the +∞ Axe of Woe
     0 | D        | namelastname112 the Demonspawn Monk began the quest for the
                  | Orb.
     0 | D        | Reached XP level 1. HP: 18/18 MP: 1/1
     3 | D        | Noticed a bag of meat
     4 | D        | Became a worshipper of Makhleb the Destroyer
     4 | D        | Reached * piety under Makhleb
     4 | D        | Reached ** piety under Makhleb
     5 | D        | Noticed a meat berserker
     5 | D        | Noticed a bag of meat
     6 | D        | Noticed a meat berserker
     9 | D        | Killed a meat berserker
     9 | D        | Gained mutation: A weak demonic guardian rushes to your
                  | aid. [demonic ancestry]
     9 | D        | Reached XP level 2. HP: 49/49 MP: 2/2
     9 | D        | Reached XP level 3. HP: 55/55 MP: 3/3
     9 | D        | Reached XP level 4. HP: 63/63 MP: 4/4
     9 | D        | Gained mutation: You are partially covered in sharp spines.
                  | [demonic ancestry]
     9 | D        | Reached XP level 5. HP: 69/69 MP: 5/5
     9 | D        | Gained mutation: You have large cloven feet. [demonic
                  | ancestry]
     9 | D        | Reached XP level 6. HP: 76/76 MP: 6/6
     9 | D        | Gained mutation: You have hoof-like feet. [demonic
                  | ancestry]
     9 | D        | Reached XP level 7. HP: 83/83 MP: 7/7
     9 | D        | Gained mutation: Your movements are slightly less
                  | encumbered by armour. (ER -2) [demonic ancestry]
     9 | D        | Reached XP level 8. HP: 90/90 MP: 8/8
     9 | D        | Reached XP level 9. HP: 96/96 MP: 9/9
     9 | D        | Gained mutation: You are mostly covered in sharp spines.
                  | [demonic ancestry]
     9 | D        | Reached XP level 10. HP: 104/104 MP: 10/10
     9 | D        | Reached XP level 11. HP: 110/110 MP: 11/11
     9 | D        | Gained mutation: Your movements are less encumbered by
                  | armour. (ER -4) [demonic ancestry]
     9 | D        | Reached XP level 12. HP: 117/117 MP: 12/12
     9 | D        | Gained mutation: You have hooves in place of feet. [demonic
                  | ancestry]
     9 | D        | Reached XP level 13. HP: 124/124 MP: 13/13
     9 | D        | Killed a bag of meat
     9 | D        | Reached skill level 5 in Axes
     9 | D        | Noticed a bag of meat
     9 | D        | Noticed a bag of meat
     9 | D        | Noticed a meat berserker
    10 | D        | Killed a meat berserker
    10 | D        | Gained mutation: You are robust. (+10% HP) [demonic
                  | ancestry]
    10 | D        | Reached XP level 14. HP: 133/155 MP: 14/14
    10 | D        | Killed a bag of meat
    10 | D        | Reached *** piety under Makhleb
    10 | D        | Gained mutation: You are very robust. (+20% HP) [demonic
                  | ancestry]
    10 | D        | Reached XP level 15. HP: 135/180 MP: 15/15
    11 | D        | Reached skill level 10 in Axes
    11 | D        | Reached skill level 10 in Stealth
    11 | D        | Noticed a meat berserker
    14 | D        | Killed a meat berserker
    14 | D        | Reached **** piety under Makhleb
    14 | D        | Reached XP level 16. HP: 199/199 MP: 16/16
    15 | D        | Reached skill level 27 in Fighting
    15 | D        | Reached XP level 17. HP: 208/208 MP: 17/17
    16 | D        | Killed a meat berserker
    16 | D        | Reached ***** piety under Makhleb
    16 | D        | Reached skill level 27 in Dodging
    16 | D        | Reached skill level 27 in Unarmed Combat
    16 | D        | Gained mutation: You are extremely robust. (+30% HP)
                  | [demonic ancestry]
    16 | D        | Reached XP level 18. HP: 208/236 MP: 18/18
    17 | D        | Reached skill level 15 in Stealth
    18 | D        | Noticed a meat berserker
    19 | D        | Reached skill level 27 in Axes
    20 | D        | Gained mutation: A demonic guardian rushes to your aid.
                  | [demonic ancestry]
    20 | D        | Reached XP level 19. HP: 245/245 MP: 19/19
    21 | D        | Killed a meat berserker
    21 | D        | Reached skill level 27 in Stealth
    21 | D        | Noticed a meat berserker
    22 | D        | namelastname112: помойка
    23 | D        | Noticed a large bag of meat
    24 | D        | Reached ****** piety under Makhleb
    24 | D        | Reached skill level 10 in Throwing
    24 | D        | Reached skill level 10 in Armour
    24 | D        | Reached skill level 10 in Spellcasting
    25 | D        | Noticed a destroyer
    25 | D        | Noticed a large bag of meat
    26 | D        | Killed a large bag of meat
    26 | D        | Gained mutation: Your movements are significantly less
                  | encumbered by armour. (ER -6) [demonic ancestry]
    26 | D        | Reached XP level 20. HP: 129/256 MP: 19/37
    27 | D        | Killed a meat berserker
    27 | D        | Noticed a meat berserker
    28 | D        | Noticed a destroyer
    29 | D        | Noticed a destroyer
    30 | D        | Killed a destroyer
    30 | D        | Reached skill level 27 in Invocations
    30 | D        | Gained mutation: A powerful demonic guardian rushes to your
                  | aid. [demonic ancestry]
    30 | D        | Reached XP level 21. HP: 265/265 MP: 20/46
    30 | D        | Noticed a destroyer
    31 | D        | Killed a destroyer
    31 | D        | Reached XP level 22. HP: 275/275 MP: 20/51
    32 | D        | Noticed a destroyer
    33 | D        | Reached skill level 27 in Throwing
    33 | D        | Reached skill level 27 in Armour
    33 | D        | Reached skill level 27 in Spellcasting
    33 | D        | Killed a large bag of meat
    36 | D        | Killed a destroyer
    36 | D        | Reached XP level 23. HP: 284/284 MP: 22/54
    38 | D        | Killed a destroyer
    38 | D        | Reached XP level 24. HP: 295/295 MP: 22/54
    38 | D        | Killed a destroyer
    38 | D        | Noticed a destroyer
    42 | D        | Gained mutation: You are completely covered in sharp
                  | spines. [demonic ancestry]
    42 | D        | Reached XP level 25. HP: 304/304 MP: 23/54
    43 | D        | Noticed a tyrant
    47 | D        | Noticed The Servant
    49 | D        | Reached XP level 26. HP: 314/314 MP: 25/54
    50 | D        | Killed a destroyer
    50 | D        | Killed a tyrant
    50 | D        | Noticed a tyrant
    50 | D        | Noticed a destroyer
    50 | D        | Noticed a destroyer
    51 | D        | Reached XP level 27. HP: 323/323 MP: 26/54
    52 | D        | Noticed a large bag of meat
    52 | D        | Noticed a destroyer
    52 | D        | Noticed a large bag of meat
    53 | D        | Noticed a tyrant
    54 | D        | Noticed an accursed
    54 | D        | Noticed a large bag of meat
    55 | D        | Noticed a large bag of meat
    55 | D        | Noticed an accursed
    56 | D        | Killed a destroyer
    58 | D        | Noticed an accursed
    60 | D        | Noticed a tyrant
    62 | D        | Killed a tyrant
    62 | D        | Killed The Servant
    62 | D        | Noticed a meat beast
    63 | D        | Killed a destroyer
    64 | D        | Killed a meat beast
    67 | D        | Killed a large bag of meat
    67 | D        | Killed a tyrant
    69 | D        | Noticed a meat beast
    70 | D        | Killed a large bag of meat
    71 | D        | Killed a destroyer
    72 | D        | Noticed an accursed
    73 | D        | Killed a large bag of meat
    75 | D        | Killed a meat beast
    77 | D        | Killed a large bag of meat
    78 | D        | Killed an accursed
    78 | D        | Killed a tyrant
    78 | D        | Noticed a destroyer
    79 | D        | Noticed a dread
    81 | D        | Killed an accursed
    84 | D        | Noticed a large bag of meat
    85 | D        | Killed a dread
    85 | D        | Killed an accursed
    86 | D        | Killed an accursed
    86 | D        | Noticed a meat beast
    88 | D        | Killed a destroyer
    91 | D        | Noticed a tyrant
    92 | D        | Killed a tyrant
    97 | D        | Noticed a destroyer
    98 | D        | Killed a large bag of meat
    99 | D        | Noticed an accursed
   104 | D        | Killed a destroyer
   105 | D        | Noticed a destroyer
   106 | D        | Noticed a destroyer
   111 | D        | Killed an accursed
   111 | D        | Noticed a destroyer
   116 | D        | Killed a destroyer
   116 | D        | Noticed a dread
   119 | D        | Noticed a destroyer
   121 | D        | Noticed a tyrant
   121 | D        | Noticed a fleshlord
   121 | D        | Noticed a fleshlord
   122 | D        | Killed a destroyer
   124 | D        | Noticed a dread
   125 | D        | Noticed a dread
   127 | D        | Killed a destroyer
   127 | D        | Killed a fleshlord
   128 | D        | Noticed a fleshlord
   129 | D        | Killed a fleshlord
   129 | D        | Killed a tyrant
   130 | D        | Noticed a fleshlord
   130 | D        | Noticed a tyrant
   130 | D        | HP: 4/323 [meat berserker/+9 battleaxe (75)]
   130 | D        | Noticed a fleshlord
   131 | D        | Killed a dread
   131 | D        | Noticed a destroyer
   132 | D        | Killed a dread
   133 | D        | Noticed a tyrant
   134 | D        | Killed a fleshlord
   135 | D        | Noticed a destroyer
   136 | D        | HP: 15/323 [tyrant/the air (50)]
   137 | D        | Killed a destroyer
   137 | D        | Noticed a destroyer
   138 | D        | Killed a tyrant
   138 | D        | Killed from afar by an observer

Vault maps used:
D:        meatsprint

Skill      XL: |  1  2  3  4  5  6  7  8  9 10 11 12 13 14 15 16 17 18 19 20 21 22 |
---------------+-------------------------------------------------------------------+-----
Fighting       | 18 22 23 26 27 | 27.0
Axes           | 4 8 9 13 16 22 27 | 27.0
Dodging        | 17 20 21 24 25 27 | 27.0
Stealth        | 7 9 11 12 14 22 27 | 27.0
Unarmed Combat | 17 20 21 23 25 27 | 27.0
Throwing       | 13 21 25 27 | 27.0
Armour         | 13 21 25 27 | 27.0
Spellcasting   | 13 21 25 27 | 27.0
Invocations    | 18 27 | 27.0

Action                   |  1- 3 |  4- 6 |  7- 9 | 10-12 | 13-15 | 16-18 | 19-21 | 22-24 | 25-27 || total
-------------------------+-------+-------+-------+-------+-------+-------+-------+-------+-------++-------
Melee: Executioner's axe |     1 |       |       |       |     4 |     6 |     8 |     7 |    69 ||    95
  Use: Potion            |       |       |       |       |       |       |       |       |     1 ||     1
 Stab: Distracted        |       |       |       |       |       |       |     1 |     1 |       ||     2
Armor: Robe              |       |       |       |       |       |       |       |       |     1 ||     1
Dodge: Dodged            |       |       |       |       |     1 |       |       |       |    13 ||    14

Table legend:
 A = Non-vault XP
 B = Vault XP
 C = Vault XP percentage of total XP
 D = Non-vault monster count
 E = Vault monster count
 F = Vault count percentage of total count
                 A         B        C        D         E       F
            +---------+---------+-------+---------+---------+-------
      Total | 3798819 | 1654705 |  30.3 |     100 |      75 |  42.9
            +---------+---------+-------+---------+---------+-------
          D | 3798819 | 1654705 |  30.3 |     100 |      75 |  42.9
            +---------+---------+-------+---------+---------+-------
